 Dungeon Crawl Stone Soup version 0.27.0-1-g7a089689b8 (webtiles) character file.

Game seed: 9216521039909196298

2891 Sin92 the Chopper (level 9, 0/103 HPs)
             Began as a Demonspawn Fighter on Aug 1, 2021.
             Was a Believer of Okawaru.
             Succumbed to a kobold brigand's curare-tipped dart
             ... on level 7 of the Dungeon.
             The game lasted 00:10:36 (7577 turns).

Sin92 the Chopper (Demonspawn Fighter)              Turns: 7577, Time: 00:10:37

Health: 0/103      AC:  8    Str: 19    XL:     9   Next: 48%
Magic:  12/12      EV:  9    Int: 11    God:    Okawaru [**....]
Gold:   893        SH:  0    Dex: 14    Spells: 8/8 levels left

rFire    . . .     SeeInvis .   u - +5 spear (flame)
rCold    . . .     Faith    .   c - +0 kite shield
rNeg     . . .     Spirit   .   b - +0 scale mail
rPois    .         Reflect  .   (helmet restricted)
rElec    .         Harm     .   l - +0 cloak
rCorr    .         Rampage  .   (no gloves)
Will     .....                  (no boots)
Stlth    ..........             (no amulet)
HPRegen  0.27/turn              (no ring)
MPRegen  0.13/turn              (no ring)

@: confused, berserking, lethally poisoned (0 -> -17), hasted and slowed,
studying Fighting
A: horns 2, large bone plates 3, spiny 2, agile 1, sense surroundings 1
a: Renounce Religion, Heroism


You were on level 7 of the Dungeon.
You worshipped Okawaru.
Okawaru was pleased with you.
You visited 2 branches of the dungeon, and saw 8 of its levels.
You also visited: Ossuary.

You collected 893 gold pieces.

Inventory:

Hand Weapons
 a - a +0 war axe
 d - a +0 whip of flaming
 o - the +10 long sword of the Moon {vamp, *Noise rC+ Str+3 Dex+2}
   (You found it on level 7 of the Dungeon)

   It occasionally heals its wielder for a portion of the damage dealt when it
   wounds a living foe.
   Str:       It affects your strength (+3).
   Dex:       It affects your dexterity (+2).
   rC:        It protects you from cold.
   *Noise:    It may make noises in combat.
 u - a +5 spear of flaming (weapon)
Missiles
 j - a throwing net (quivered)
Armour
 b - a +0 scale mail (worn)
 c - a +0 kite shield (worn)
 l - a +0 cloak (worn)
Jewellery
 e - a ring of magical power
 y - a ring of flight
 D - an amulet of the acrobat
Wands
 t - a wand of iceblast (5)
 v - a wand of flame (18)
Scrolls
 g - 4 scrolls of teleportation
 i - a scroll of vulnerability {unknown}
 m - 2 scrolls of noise
 n - a scroll of identify
 q - 2 scrolls of fog {unknown}
 r - a scroll of amnesia {unknown}
 w - a scroll of fear {unknown}
 C - a scroll of torment {unknown}
Potions
 f - 3 potions of mutation
 h - a potion of lignification
 s - 3 potions of attraction
 B - a potion of haste
 E - a potion of might


   Skills:
 + Level 5.8 Fighting
 + Level 0.2 Long Blades
 + Level 6.6(6.8) Axes
 * Level 2.1(4.7) Polearms
 + Level 5.3 Armour
 + Level 4.3 Dodging
 + Level 5.8 Shields
 + Level 4.0 Invocations


You had 8 spell levels left.
You didn't know any spells.
Your spell library contained the following spells:

 Spells                   Type           Power      Damage    Failure   Level
 Foxfire                  Conj/Fire      0%         2x1d4     97%         1
 Pain                     Necr           0%         1d4       97%         1
 Shock                    Conj/Air       0%         1d3       97%         1
 Blink                    Tloc           N/A        N/A       99%         2
 Passwall                 Tmut/Erth      0%         N/A       99%         2
 Conjure Flame            Conj/Fire      0%         6-21      100%        3
 Inner Flame              Hex/Fire       0%         N/A       100%        3
 Ozocubu's Armour         Ice            0%         N/A       100%        3
 Swiftness                Air            0%         N/A       100%        3
 Airstrike                Air            0%         N/A       100%        4
 Animate Armour           Summ/Erth      0%         N/A       100%        4
 Hailstorm                Conj/Ice       0%         3d3       100%        4
 Ice Form                 Ice/Tmut       0%         N/A       100%        4
 Agony                    Necr           0%         N/A       100%        5
 Blade Hands              Tmut           0%         N/A       100%        5
 Excruciating Wounds      Necr           0%         N/A       100%        5
 Manifold Assault         Tloc           0%         N/A       100%        5
 Metabolic Englaciation   Hex/Ice        0%         N/A       100%        5
 Invisibility             Hex            0%         N/A       100%        6
 Iron Shot                Conj/Erth      0%         9d1       100%        6
 Simulacrum               Ice/Necr       0%         N/A       100%        6
 Storm Form               Tmut/Air       0%         N/A       100%        7


Dungeon Overview and Level Annotations

Branches:
Dungeon (7/15)             Temple (1/1) D:4         Ossuary (visited)

Altars:
Ashenzari
Cheibriados
Dithmenos
Elyvilon
Fedhas
Gozag
Hepliaklqana
Kikubaaqudgha
Makhleb
Nemelex Xobeh
Okawaru
Qazlal
Ru
Sif Muna
Trog
Uskayaw
Vehumet
Wu Jian
Yredelemnul
Zin
The Shining One

Annotations:
D:7 Prince Ribbit


Innate Abilities, Weirdness & Mutations

You have a pair of horns on your head.
You are completely covered in large bone plates. (SH +8)
You are mostly covered in sharp spines.
You are agile. (Dex +2)
You passively map a small area around you.


Message History

The orc warrior hits you with a +1 short sword of protection!
* * * LOW HITPOINT WARNING * * *
Unknown command.
Unknown command.
It was a potion of berserk rage.
A red film seems to cover your vision as you go berserk!
You feel yourself moving faster!
You feel mighty! Okawaru accepts your kill.
Reactivating autopickup.
You feel a bit more experienced.
You hit the orc warrior but do no damage.
You headbutt the orc warrior.
The orc warrior is heavily wounded.
Your surroundings suddenly seem different.
Prince Ribbit croaks.
A kobold brigand comes into view.
It is wielding a +0 short sword and quivering curare-tipped darts.
The kobold brigand shouts!
A kobold comes into view. It is wielding a +0 whip.
The kobold shouts!
A kobold comes into view. It is wielding a +0 dagger.
The kobold shouts!
A kobold comes into view. It is wielding a +0 club.
The kobold shouts!
A kobold comes into view. It is wielding a +0 dagger.
The kobold shouts!
A kobold comes into view.
It is wielding a +0 short sword and quivering poisoned darts.
The kobold shouts!
A kobold comes into view. It is wielding a +0 whip.
The kobold throws a poisoned dart.
The poisoned dart barely misses you.
A kobold comes into view. It is wielding a +0 short sword.
Unknown command.
The kobold brigand throws a curare-tipped dart.
The curare-tipped dart hits you.
You are lethally poisoned!
You have difficulty breathing.
* * * LOW HITPOINT WARNING * * *
You feel yourself slow down.
Unknown command.
You feel a strong urge to attack something.
You die...

#.....K........#
.....K.........#
....K...........*
.......KK.......
*
...K....K.......
*
#.....K.........
#...........F...
###........##.. ,
#####@.### #..##
#..## ** #..#* *,
, * *#..# * , * #
#..# , #* * ,....
, , ## ##. , , .#
, *


You could see Prince Ribbit and 7 kobolds.

Vanquished Creatures
  Pikel (D:4)
  Menkaure (D:5)
  A water moccasin (D:6)
  An orc warrior (D:7)
  A necrophage (D:6)
  A sky beast (D:5)
  4 ogres
  3 lemures (D:4)
  A centaur (D:5)
  A phantom (D:6)
  A bullfrog (D:6)
  A gnoll sergeant (D:7)
  A wyvern zombie (D:6)
  A scorpion (D:4)
  5 water moccasin zombies (Ossuary)
  A centaur skeleton (D:6)
  4 jellies
  Crazy Yiuf (D:3)
  A bullfrog skeleton (D:4)
  2 orc priests (D:6)
  2 gnoll shamans (D:7)
  2 iguanas
  5 orc wizards (D:7)
  Terence (D:2)
  A killer bee zombie (D:5)
  A hound zombie (D:5)
  3 mummies
  6 adders
  14 gnolls
  A shadow imp (D:6)
  A white imp (D:4)
  An ufetubus (D:3)
  4 adder zombies (Ossuary)
  2 dart slugs (D:1)
  7 orcs
  3 ball pythons
  7 bats
  10 endoplasms
  A giant cockroach (D:2)
  2 gnoll zombies (Ossuary)
  10 goblins
  12 hobgoblins
  7 jackals
  6 quokkas
  3 frilled lizards
  4 hobgoblin zombies (Ossuary)
  6 kobolds
  4 kobold zombies (Ossuary)
  5 orc zombies (Ossuary)
  6 rats
170 creatures vanquished.

Vanquished Creatures (others)
  An orc wizard (D:6)
  4 fungi (D:7)
5 creatures vanquished.

Grand Total: 175 creatures vanquished

Notes
Turn   | Place    | Note
-------+----------+-------------------------------------------
     0 | D:1      | Sin92 the Demonspawn Fighter began the quest for the Orb.
     0 | D:1      | Reached XP level 1. HP: 18/18 MP: 1/1
   303 | D:1      | Reached skill level 2 in Axes
   321 | D:1      | Gained mutation: You are partially covered in sharp spines.
                  | [demonic ancestry]
   321 | D:1      | Reached XP level 2. HP: 16/24 MP: 2/2
   748 | D:1      | Gained mutation: You are mostly covered in sharp spines.
                  | [demonic ancestry]
   748 | D:1      | Reached XP level 3. HP: 29/29 MP: 3/3
  1303 | D:2      | Noticed Terence
  1306 | D:2      | Killed Terence
  1307 | D:2      | Reached skill level 1 in Dodging
  1345 | D:2      | Gained mutation: You have a pair of small horns on your
                  | head. [demonic ancestry]
  1345 | D:2      | Reached XP level 4. HP: 31/35 MP: 4/4
  1403 | D:2      | Found a burning altar of Makhleb.
  1982 | D:3      | Found a faded altar of an unknown god.
  2042 | D:3      | Found a runed translucent door.
  2043 | D:3      | Noticed Crazy Yiuf
  2200 | D:3      | Reached skill level 3 in Axes
  2527 | D:3      | Killed Crazy Yiuf
  2528 | D:3      | Gained mutation: You are partially covered in large bone
                  | plates. (SH +4) [demonic ancestry]
  2528 | D:3      | Reached XP level 5. HP: 32/41 MP: 5/5
  2669 | D:4      | Noticed an ogre
  2673 | D:4      | Killed an ogre
  2758 | D:4      | Reached XP level 6. HP: 48/48 MP: 6/6
  2814 | D:4      | Noticed Pikel
  2827 | D:4      | Killed Pikel
  2828 | D:4      | Reached skill level 4 in Axes
  2828 | D:4      | Gained mutation: You are mostly covered in large bone
                  | plates. (SH +6) [demonic ancestry]
  2828 | D:4      | Reached XP level 7. HP: 10/55 MP: 7/7
  3515 | D:4      | Found a hazy altar of Hepliaklqana.
  3517 | D:4      | Found a faded altar of an unknown god.
  3519 | D:4      | Found a snail-covered altar of Cheibriados.
  3612 | D:4      | Reached skill level 5 in Axes
  4136 | D:4      | Found a staircase to the Ecumenical Temple.
  4146 | Temple   | Entered the Ecumenical Temple
  4447 | Temple   | Became a worshipper of Warmaster Okawaru
  4581 | D:5      | Entered Level 5 of the Dungeon
  4614 | D:5      | Gained mutation: You are completely covered in large bone
                  | plates. (SH +8) [demonic ancestry]
  4614 | D:5      | Reached XP level 8. HP: 61/61 MP: 8/8
  4747 | D:5      | Noticed Menkaure
  4753 | D:5      | Killed Menkaure
  5060 | D:5      | Reached skill level 1 in Invocations
  5478 | D:6      | Reached * piety under Okawaru
  5479 | D:6      | Reached skill level 5 in Fighting
  5479 | D:6      | Reached skill level 5 in Shields
  5642 | D:6      | Identified a scroll of acquirement
  5642 | D:6      | Acquired 467 gold pieces
  5683 | D:6      | Reached skill level 6 in Axes
  5988 | D:6      | Reached XP level 9. HP: 68/68 MP: 11/11
  6225 | D:7      | Reached skill level 5 in Armour
  6235 | D:7      | Gained mutation: You are frail. (-10% HP) [potion of
                  | mutation]
  6235 | D:7      | Gained mutation: You expend magic power (3 MP) to
                  | strengthen your wands. [potion of mutation]
  6236 | D:7      | Lost mutation: You expend magic power (3 MP) to strengthen
                  | your wands. [potion of mutation]
  6236 | D:7      | Lost mutation: You are frail. (-10% HP) [potion of
                  | mutation]
  6236 | D:7      | Gained mutation: You have a pair of horns on your head.
                  | [potion of mutation]
  6236 | D:7      | Gained mutation: You are agile. (Dex +2) [potion of
                  | mutation]
  6236 | D:7      | Gained mutation: You passively map a small area around you.
                  | [potion of mutation]
  6695 | D:7      | Noticed Prince Ribbit
  6715 | D:7      | Found a sand-covered staircase.
  6724 | Ossuary  | Entered an ossuary
  6770 | Ossuary  | Reached skill level 1 in Polearms
  6849 | Ossuary  | Reached ** piety under Okawaru
  6903 | Ossuary  | Acquired a manual of Fighting
  7344 | D:7      | Identified the +10 long sword of the Moon {vamp, *Noise rC+
                  | Str+3 Dex+2}
  7573 | D:7      | HP: 3/69 [orc warrior (9)]
  7577 | D:7      | Succumbed to a kobold brigand's curare-tipped dart

Illustrated notes

Levels and vault maps discovered:
D:1:      shiori_arrival_maze, layout_loops_corners, minmay_3d_cube
D:2:      layout_loops_ring, basic_altar, serial_bayou_lagoon_a, uniq_terence
D:3:      layout_basic, ebering_ecumenical_altar_ruins, uniq_crazy_yiuf_cottage
D:4:      layout_loops_ring, chequers_temple_overflow_minitemple,
          minmay_temple_entry_poolview, minivault_11, chequers_jeans,
          kennysheep_generic_room_16, uniq_pikel
D:5:      layout_loops_ring, uniq_menkaure
D:6:      layout_loops_ring
D:7:      lemuel_slime, layout_cave_pods, gup_ossuary_entry_pyramid,
          uniq_prince_ribbit1
Temple:   minmay_temple_bridge_d

Skill      XL: |  1  2  3  4  5  6  7  8  9 |
---------------+----------------------------+-----
Axes           | 2 3 4 5 6 |  6.6
Armour         | 3 4 5 |  5.3
Dodging        | 1 2 3 4 |  4.3
Shields        | 3 4 5 |  5.8
Fighting       | 4 5 |  5.8
Invocations    | 2 4 |  4.0
Polearms       | 2 |  2.1
Long Blades    | |  0.2

Action                   |  1- 3 |  4- 6 |  7- 9 || total
-------------------------+-------+-------+-------++-------
Melee: War axe           |    76 |    94 |   121 ||   291
       Headbutt          |       |    15 |    46 ||    61
       Spear             |       |       |   158 ||   158
Invok: Heroism           |       |       |     1 ||     1
  Use: Scroll            |       |     3 |     3 ||     6
       Potion            |       |     1 |    14 ||    15
 Stab: Invisible         |       |       |     2 ||     2
Armor: Scale mail        |    41 |    33 |    54 ||   128
       Skin              |       |       |    44 ||    44
Dodge: Dodged            |    24 |    27 |    55 ||   106
Block: Kite shield       |    48 |    76 |   233 ||   357
